 Dungeon Crawl Stone Soup version 0.18.1-47-g9310371 (webtiles) character file.

178987 CragHack the Shatterer (level 17, -9/168 HPs)
             Began as a Minotaur Berserker on June 18, 2016.
             Was a High Priest of Trog.
             Killed from afar by a deep elf annihilator (52 damage)
             ... with an iron shot
             ... on level 3 of the Elven Halls on June 23, 2016.
             The game lasted 03:09:05 (27117 turns).

CragHack the Shatterer (Minotaur Berserker)        Turns: 27117, Time: 03:09:06

Health: -9/168     AC: 32    Str: 32    XL:     17   Next: 59%
Magic:  17/17      EV: 17    Int:  4    God:    Trog [*****.]
Gold:   2400       SH:  0    Dex: 18    Spells: 0 memorised, 16 levels left

rFire  . . .     SeeInvis .     H - +4 great mace (holy)
rCold  . . .     Gourm    .     E - +7 plate armour "Hiskestruf" {Str+3 Dex+6}
rNeg   . . .     Faith    .     (shield currently unavailable)
rPois  +         Spirit   .     (helmet restricted)
rElec  .         Dismiss  .     p - +2 cloak of Ostrasib {Dex+2}
rCorr  .         Reflect  .     A - +0 pair of gloves
SustAt .         Harm     .     f - +2 pair of boots {Stlth+}
MR     +++..                    t - amulet of regeneration
Stlth  ..........               W - ring of poison resistance
                                a - +4 ring of evasion

@: about to teleport, regenerating, extremely resistant to hostile enchantments,
extremely unstealthy
A: retaliatory headbutt, horns 2
a: Berserk, Trog's Hand, Brothers in Arms, Burn Spellbooks, Renounce Religion


You were on level 3 of the Elven Halls.
You worshipped Trog.
Trog was extremely pleased with you.
You were not hungry.

You visited 5 branches of the dungeon, and saw 28 of its levels.
You visited the Abyss 1 time.

You collected 2595 gold pieces.
You spent 195 gold pieces at shops.

Inventory:

Hand Weapons
 x - a +2 antimagic great mace
 H - a +4 great mace of holy wrath (weapon)
Missiles
 i - 2 tomahawks of returning (quivered)
 D - 6 javelins of returning
 G - 23 javelins
 O - 14 javelins of penetration
 P - 6 tomahawks of dispersal
Armour
 f - a +2 pair of boots of stealth (worn)
 n - a +5 crystal plate armour
 p - the +2 cloak of Ostrasib (worn) {Dex+2}
   (You acquired it on level 2 of the Elven Halls)

   It affects your dexterity (+2).
 A - a +0 pair of gloves (worn)
 E - the +7 plate armour "Hiskestruf" (worn) {Str+3 Dex+6}
   (You acquired it on level 8 of the Lair of Beasts)

   It affects your strength (+3).
   It affects your dexterity (+6).
Jewellery
 a - a +4 ring of evasion (left hand)
 t - an amulet of regeneration (around neck)
 B - an uncursed ring of resist corrosion
 T - an uncursed ring of fire
 W - a ring of poison resistance (right hand)
Wands
 l - a wand of slowing (22/48)
 s - a wand of iceblast (4/15)
 u - a wand of lightning (9/15)
 S - a wand of heal wounds (3/9)
Scrolls
 d - 10 scrolls of teleportation
 e - 8 scrolls of identify
 j - 5 scrolls of magic mapping
 q - 3 scrolls of remove curse
 C - 6 scrolls of fear
 K - 4 scrolls of recharging
 M - a scroll of holy word
Potions
 g - 3 potions of haste
 h - 3 potions of resistance
 k - 2 potions of heal wounds
 m - 4 potions of flight
 o - 8 potions of curing
 r - 5 potions of might
 v - 4 potions of lignification
 w - 5 potions of agility
 z - 5 potions of invisibility
Books
 L - a book of Frost

   Spells                             Type                      Level
   a - Freeze                         Ice                          1
   b - Throw Frost                    Conjuration/Ice              2
   c - Ozocubu's Armour               Charms/Ice                   3
   d - Throw Icicle                   Conjuration/Ice              4
   e - Summon Ice Beast               Ice/Summoning                4
   Trog disapproves of the use of such an item.
 V - the Papyrus of Creation
   (You found it on level 1 of the Elven Halls)

   Spells                             Type                      Level
   a - Summon Small Mammal            Summoning                    1
   b - Recall                         Summoning/Translocation      3
   c - Summon Forest                  Summoning/Translocation      5
   d - Spellforged Servitor           Conjuration/Summoning        7
   Trog disapproves of the use of such an item.
Comestibles
 b - 9 fruits
 c - 9 meat rations
 F - 6 bread rations
 I - a royal jelly


   Skills:
 * Level 19.3 Fighting
   Level 1.9(16.2) Axes
 * Level 23.5 Maces & Flails
 + Level 10.1 Throwing
 + Level 13.8 Armour
 + Level 7.6 Dodging
 + Level 2.3 Evocations


You had 16 spell levels left.
You didn't know any spells.

Dungeon Overview and Level Annotations

Branches:
Dungeon (14/15)            Temple (1/1) D:5            Lair (8/8) D:9
  Swamp (0/4) Lair:3        Snake (0/4) Lair:4        Slime (0/6) Lair:6
    Orc (2/2) D:9             Elf (3/3) Orc:2        Vaults (0/5) D:13

Altars:
Elyvilon
Fedhas
Gozag
Kikubaaqudgha
Makhleb
Okawaru
Pakellas
Trog
Vehumet
Xom
Jiyva

Shops:
D:4 :   Orc:1 *   Orc:2 (}%%   Elf:3 [

Portals:
Pandemonium: Orc:2

Annotations:
D:11 exclusion: obsidian statue
D:12 exclusion: obsidian statue


Innate Abilities, Weirdness & Mutations

You reflexively headbutt those who attack you in melee.
You have a pair of horns on your head.


Message History

You resist with almost no effort.
The deep elf annihilator points at you and mumbles some strange words.
The poison arrow misses you.
The poison arrow hits the earth elemental.
The earth elemental partially resists.
The earth elemental hits you.
You closely miss the deep elf sorcerer.
Your headbutt misses the deep elf sorcerer.
The deep elf sorcerer is heavily wounded.
The deep elf sorcerer barely misses you.
You furiously retaliate!
You headbutt the deep elf sorcerer.
The deep elf high priest intones a terrible prayer.
The deep elf high priest mumbles some strange prayers to its god against you.
Something smites you!
* * * LOW HITPOINT WARNING * * *
You sock the deep elf sorcerer!
Your headbutt misses the deep elf sorcerer.
The deep elf sorcerer is almost dead.
The deep elf annihilator gestures at you while chanting.
The iron shot hits you!
You die...

################## *,,,,,,,,,,,,
.................# **,,,,,⌠,,,,,,
.)....)...)=.....# *,,,.,,,,,,,,,
'######).##'###..#**,,..,,,,,,,,*
......#..#....#).#*,,...,,,,,,***
......#..#....#..##,....,,,,,**
#.P.P.#..#....#.Ee#(....,,,,,*
.)P∩..#..#....'EEeee..(.,,,,**
......'..#.....E@e###..e,,,,*
......#..#....eEEE# *,,,,,,,**
...#..#..#.......## **,,,,,,,*
...#..#..#...E#..# *,,,,,,,**
...#..#...E.e.#..# *,,,,,,,,***
...#..#.......#..# *,,,,,,,,,,*
...'..#..'....#..# **,,,,,,,,,,
...#..#..#....#..# **,,,,,,,,,
.[.#..#..#....#,,* *,,,,,,,,,


You could see a deep elf annihilator, 2 deep elf sorcerers, a deep elf
elementalist, a deep elf high priest, 9 earth elementals and 2 deep elf magi.

Vanquished Creatures
  Rupert (Lair:5)
  A deep elf blademaster (Elf:2)
  2 tentacled starspawn (Abyss:2)
  Kirke (Lair:7)
  2 deep elf sorcerers
  Maud (D:12)
  A balrug (Abyss:2)
  A deep elf elementalist (Elf:3)
  A stone giant (D:9)
  2 very ugly things (Abyss:2)
  2 deep elf annihilators
  4 deep elf demonologists
  A lorocyproca (Abyss:2)
  Snorg (D:11)
  8 vault guards (D:13)
  4 deep elf death magi
  Harold (D:12)
  3 deep elf high priests (Elf:3)
  7 hydras
  Erica (D:8)
  A centaur warrior (D:14)
  A tengu warrior (D:14)
  18 death yaks
  28 dancing weapons
  8 orc high priests (Orc:2)
  Urug (Lair:2)
  9 deep elf knights
  4 skeletal warriors (D:13)
  A gelid demonspawn (Orc:2)
  2 unseen horrors
  An infernal demonspawn (Orc:2)
  5 deep elf archers
  2 hill giants (D:12)
  2 orc knights (Orc:2)
  3 large abominations (Abyss:2)
  A manticore (D:14)
  5 orc sorcerers
  49 deep elf magi
  6 cyclopes
  3 griffons
  2 worldbinders (Abyss:2)
  An octopode (shapeshifter) (Elf:3)
  12 elephants
  2 apocalypse crabs (Abyss:2)
  A black mamba (shapeshifter) (Elf:1)
  10 black mambas
  A centaur zombie (D:12)
  14 spiny frogs
  6 rime drakes
  A kobold demonologist (D:11)
  An ancient zyme (Abyss:2)
  A redback zombie (D:12)
  15 komodo dragons
  5 starcursed masses (Abyss:2)
  2 ice devils (Orc:2)
  3 hellwings (Orc:2)
  4 trolls
  3 polar bears
  2 two-headed ogres
  20 blink frogs
  2 air elementals
  Sigmund (D:4)
  5 wyverns
  5 fire elementals
  A tarantella (shapeshifter) (Elf:2)
  A water elemental (Elf:2)
  43 yaks
  2 wraiths
  3 basilisks
  A hog (Lair:7)
  A human (D:11)
  A basilisk (shapeshifter) (Elf:3)
  2 steam dragons
  A chaos spawn (Abyss:2)
  7 hippogriffs
  2 hungry ghosts
  2 vampire mosquitoes (D:14)
  4 small abominations (Abyss:2)
  5 wargs
  6 swamp worms (Lair:3)
  2 nagas (Lair:4)
  2 hell hounds (Abyss:2)
  14 water moccasins
  10 porcupines
  A sky beast (D:7)
  A black bear (Lair:2)
  3 ice beasts
  18 orc warriors
  A necrophage (D:11)
  14 ogres
  13 wolves
  8 centaurs
  An eye of draining (D:9)
  11 crocodiles
  2 big kobolds (D:8)
  15 giant frogs
  4 earth elementals
  A wyvern zombie (D:14)
  A wyvern skeleton (D:14)
  4 scorpions
  16 killer bees
  An electric eel (Lair:3)
  5 wights (D:10)
  A vampire bat (Lair:1)
  4 howler monkeys (D:9)
  5 crimson imps
  6 hounds
  17 orc priests
  13 orc wizards
  2 quasits (Abyss:2)
  3 giant frog zombies
  Crazy Yiuf (D:4)
  A gnoll shaman (D:5)
  A jelly (D:12)
  6 centaur skeletons
  5 giant frog skeletons
  13 iguanas
  10 worker ants
  Natasha (thrice) (D:4)
  17 sheep
  A hound zombie (D:10)
  A howler monkey zombie (D:5)
  A worker ant zombie (D:9)
  Robin (D:4)
  31 gnolls
  A howler monkey skeleton (D:11)
  14 adders
  69 river rats
  2 shadow imps
  3 adder zombies
  An adder skeleton (D:9)
  5 worms
  5 dart slugs
  10 giant geckos
  64 orcs
  A ball python (D:1)
  10 giant cockroaches
  10 goblins
  10 hobgoblins
  10 jackals
  11 kobolds
  6 quokkas
  10 bats
  14 giant newts
  A jackal skeleton (D:4)
  6 rats
  A bush (Lair:7)
  A fungus (Lair:2)
  A lurking horror (Abyss:2)
  3 plants
956 creatures vanquished.

Vanquished Creatures (collateral kills)
  A deep elf elementalist (Elf:3)
  A draconian caller (Abyss:2)
  A deep elf demonologist (Elf:3)
  A deep elf annihilator (Elf:3)
  A green death (Abyss:2)
  A deep elf high priest (Elf:1)
  A dancing weapon (Elf:2)
  2 death yaks (Lair:6)
  A sun demon (Orc:2)
  An orc high priest (Orc:2)
  2 deep elf knights
  Nergalle (D:12)
  Sonja (Lair:4)
  A gelid demonspawn (Orc:2)
  2 orc knights (Orc:2)
  An orc sorcerer (Orc:2)
  3 deep elf magi (Elf:1)
  A hellion (Abyss:2)
  A ynoxinul (Orc:2)
  A yak (D:12)
  A basilisk (Lair:4)
  A large abomination (Abyss:2)
  8 orc warriors (Orc:2)
  5 orc priests (Orc:2)
  A worker ant (D:12)
  5 orcs (Orc:2)
  A fungus (Lair:4)
47 creatures vanquished.

Vanquished Creatures (others)
  A deep elf archer (Elf:1)
  3 humans (Lair:7)
  An orc (Orc:1)
  17 fungi
  22 plants
  2 starspawn tentacles (Abyss:2)
46 creatures vanquished.

Grand Total: 1049 creatures vanquished

Notes
Turn   | Place    | Note
--------------------------------------------------------------
     0 | D:1      | CragHack the Minotaur Berserker began the quest for the Orb.
     0 | D:1      | Reached XP level 1. HP: 19/19 MP: 0/0
   256 | D:1      | Reached skill level 4 in Maces & Flails
   256 | D:1      | Reached XP level 2. HP: 27/27 MP: 1/1
   822 | D:2      | Reached ** piety under Trog
   822 | D:2      | Reached XP level 3. HP: 33/33 MP: 2/2
  1198 | D:2      | You fall through a shaft!
  1211 | D:3      | Reached XP level 4. HP: 31/41 MP: 3/3
  1618 | D:2      | Found a shimmering altar of Xom.
  1968 | D:3      | Reached *** piety under Trog
  2501 | D:3      | Found a faded altar to an unknown god.
  2513 | D:3      | Reached skill level 5 in Maces & Flails
  2513 | D:3      | Reached XP level 5. HP: 47/47 MP: 4/4
  2718 | D:4      | Noticed an ogre
  2724 | D:4      | Killed an ogre
  2824 | D:4      | Found an opulent altar of Gozag.
  2913 | D:4      | Reached XP level 6. HP: 50/55 MP: 5/5
  2970 | D:4      | Reached skill level 5 in Armour
  2992 | D:4      | Reached skill level 5 in Fighting
  2997 | D:4      | Noticed Robin
  3010 | D:4      | Killed Robin
  3332 | D:4      | Found Vontaez's Book Emporium.
  3399 | D:4      | Reached **** piety under Trog
  3421 | D:4      | Noticed Natasha
  3426 | D:4      | Killed Natasha
  3472 | D:4      | Killed Sigmund
  3472 | D:4      | Reached skill level 6 in Maces & Flails
  3472 | D:4      | Reached XP level 7. HP: 37/61 MP: 6/6
  3519 | D:4      | Noticed Natasha
  3551 | D:4      | Killed Natasha
  3551 | D:4      | Reached skill level 1 in Throwing
  3773 | D:4      | Reached skill level 1 in Evocations
  3849 | D:4      | Got a brightly glowing battleaxe
  3850 | D:4      | Identified the +9 battleaxe of Beogh {antimagic, *Rage rPois MP+9} (You found it on level 4 of the Dungeon)
  3897 | D:4      | Noticed Crazy Yiuf
  3901 | D:4      | Killed Crazy Yiuf
  4058 | D:4      | Noticed Natasha
  4064 | D:4      | Killed Natasha
  4247 | D:5      | Entered Level 5 of the Dungeon
  4427 | D:5      | Reached XP level 8. HP: 39/70 MP: 5/7
  4430 | D:5      | Reached skill level 7 in Maces & Flails
  4841 | D:5      | Reached skill level 1 in Axes
  4923 | D:5      | Reached ***** piety under Trog
  5200 | D:5      | Found a staircase to the Ecumenical Temple.
  5206 | Temple   | Entered the Ecumenical Temple
  6384 | D:7      | Reached skill level 8 in Maces & Flails
  6384 | D:7      | Reached skill level 5 in Dodging
  7075 | D:7      | Reached XP level 9. HP: 73/81 MP: 8/8
  7084 | D:7      | Received a gift from Trog
  7832 | D:8      | Noticed Erica
  7840 | D:8      | Killed Erica
  7840 | D:8      | Reached skill level 9 in Maces & Flails
  7848 | D:8      | You fall through a shaft for 2 floors!
  7848 | D:10     | Entered Level 10 of the Dungeon
  8400 | D:8      | Reached XP level 10. HP: 91/91 MP: 10/10
  8673 | D:9      | Reached skill level 10 in Maces & Flails
  8860 | D:9      | Found a staircase to the Orcish Mines.
  8971 | D:9      | Found a staircase to the Lair.
  9006 | D:9      | Reached skill level 11 in Maces & Flails
  9361 | D:10     | Reached skill level 10 in Fighting
  9726 | D:10     | Reached skill level 12 in Maces & Flails
  9734 | D:10     | Received a gift from Trog
 10060 | Lair:1   | Entered Level 1 of the Lair of Beasts
 10080 | Lair:1   | Noticed a black mamba
 10089 | Lair:1   | Killed a black mamba
 10317 | Lair:1   | Reached XP level 11. HP: 90/101 MP: 11/11
 10571 | Lair:1   | Reached skill level 13 in Maces & Flails
 10912 | Lair:1   | Received a gift from Trog
 11094 | Lair:2   | Noticed Urug
 11109 | Lair:2   | Killed Urug
 11324 | Lair:2   | Received a gift from Trog
 11576 | Lair:2   | Reached skill level 14 in Maces & Flails
 11816 | Lair:3   | Found a staircase to the Swamp.
 12483 | Lair:4   | Found a staircase to the Snake Pit.
 12571 | Lair:4   | Noticed Sonja
 12572 | Lair:4   | Paralysed by Sonja for 6 turns
 12582 | Lair:4   | Killed Sonja
 12703 | Lair:4   | Reached XP level 12. HP: 78/112 MP: 12/12
 12755 | Lair:4   | Reached skill level 15 in Maces & Flails
 12756 | Lair:4   | Reached skill level 5 in Throwing
 13004 | Lair:4   | Received a gift from Trog
 13215 | Lair:5   | Reached skill level 10 in Armour
 13387 | Lair:5   | Noticed Rupert
 13398 | Lair:5   | Killed Rupert
 13523 | Lair:5   | Reached skill level 16 in Maces & Flails
 13678 | Lair:5   | Got a scorched amber ring
 13680 | Lair:5   | Identified the cursed ring of Lonwien {EV-2 Str+5} (You found it on level 5 of the Lair of Beasts)
 14018 | Lair:6   | Received a gift from Trog
 14463 | Lair:6   | Found a viscous altar of Jiyva.
 14464 | Lair:6   | Found a staircase to the Slime Pits.
 14510 | Lair:6   | Noticed a six-headed hydra
 14518 | Lair:6   | Killed a six-headed hydra
 14518 | Lair:6   | Reached ****** piety under Trog
 14550 | Lair:6   | Noticed a death yak
 14551 | Lair:6   | Noticed a death yak
 14551 | Lair:6   | Noticed a death yak
 14553 | Lair:6   | Noticed a death yak
 14553 | Lair:6   | Noticed a death yak
 14561 | Lair:6   | Killed a death yak
 14567 | Lair:6   | Killed a death yak
 14567 | Lair:6   | Killed a death yak
 14567 | Lair:6   | Reached XP level 13. HP: 76/122 MP: 4/13
 15097 | Lair:6   | Reached skill level 17 in Maces & Flails
 15165 | Lair:6   | Received a gift from Trog
 15488 | Lair:7   | Noticed Kirke
 15499 | Lair:7   | Killed Kirke
 15707 | Lair:7   | Reached skill level 15 in Fighting
 15741 | Lair:7   | Received a gift from Trog
 16242 | Lair:8   | Entered Level 8 of the Lair of Beasts
 16306 | Lair:8   | Reached skill level 18 in Maces & Flails
 16375 | Lair:8   | Reached XP level 14. HP: 118/135 MP: 4/14
 16387 | Lair:8   | Received a gift from Trog
 16514 | Lair:8   | Identified 2 scrolls of acquirement
 16520 | Lair:8   | Got an ancient plate armour
 16531 | Lair:8   | Identified the +7 plate armour "Hiskestruf" {Str+3 Dex+6} (You acquired it on level 8 of the Lair of Beasts)
 17144 | Lair:8   | Reached skill level 19 in Maces & Flails
 17623 | Orc:1    | Entered Level 1 of the Orcish Mines
 17623 | Orc:1    | Noticed a stone giant
 17702 | Orc:1    | Received a gift from Trog
 17713 | D:9      | Killed a stone giant
 17873 | Orc:2    | Entered Level 2 of the Orcish Mines
 18167 | Orc:2    | Found a staircase to the Elven Halls.
 18234 | Orc:1    | Found Xihol's General Store.
 18311 | Orc:1    | Bought a potion of heal wounds for 75 gold pieces
 18772 | Orc:2    | Received a gift from Trog
 18776 | Orc:2    | Found Woexygal's Food Shop.
 18779 | Orc:2    | Found Bamadgh's Food Boutique.
 18888 | Orc:2    | Bought a meat ration for 60 gold pieces
 18888 | Orc:2    | Bought a meat ration for 60 gold pieces
 18992 | Orc:2    | Reached XP level 15. HP: 122/145 MP: 15/15
 19047 | Orc:2    | Received a gift from Trog
 19047 | Orc:2    | Reached skill level 20 in Maces & Flails
 19048 | Orc:2    | Found Zeim's Antique Weapon Shoppe.
 19048 | Orc:2    | Found Qune's Gadget Emporium.
 19055 | Orc:2    | Found a one-way gate leading to the halls of Pandemonium.
 19326 | D:11     | Noticed Snorg
 19331 | D:11     | Killed Snorg
 19693 | D:11     | Received a gift from Trog
 20033 | D:12     | Noticed Harold
 20042 | D:12     | Noticed Nergalle
 20045 | D:12     | Killed Harold
 20049 | D:12     | Killed Nergalle
 20525 | D:12     | Noticed Maud
 20538 | D:12     | Killed Maud
 21036 | D:13     | Found a gate to the Vaults.
 21072 | D:13     | Received a gift from Trog
 21084 | D:13     | Reached skill level 21 in Maces & Flails
 22186 | D:14     | Got a crude robe
 22187 | D:14     | Identified the cursed +0 robe of Blue Skies {rElec rPois rF+++ Int-5} (You found it on level 14 of the Dungeon)
 22557 | Elf:1    | Entered Level 1 of the Elven Halls
 22761 | Elf:1    | Reached XP level 16. HP: 155/157 MP: 5/16
 22779 | Elf:1    | Identified the Papyrus of Creation
 24135 | Elf:1    | Reached skill level 22 in Maces & Flails
 24137 | Elf:1    | Received a gift from Trog
 24249 | Elf:2    | Got an encrusted cloak
 24260 | Elf:2    | Identified the +2 cloak of Ostrasib {Dex+2} (You acquired it on level 2 of the Elven Halls)
 24416 | Elf:2    | Received a gift from Trog
 24631 | Elf:2    | Found a runed gate.
 24633 | Elf:2    | Found a runed gate.
 24638 | Elf:2    | Found a runed gate.
 24885 | Elf:2    | Noticed a deep elf blademaster
 24895 | Elf:2    | Killed a deep elf blademaster
 25227 | Elf:2    | Reached XP level 17. HP: 127/166 MP: 17/17
 25466 | Elf:3    | Entered Level 3 of the Elven Halls
 25545 | Elf:3    | Found Teareg Hylu's Antique Armour Shoppe.
 26223 | Elf:3    | Received a gift from Trog
 26230 | Elf:3    | Reached skill level 23 in Maces & Flails
 26358 | Elf:3    | Cast into level 2 of the Abyss (a deep elf sorcerer)
 26413 | Abyss:2  | Reached skill level 10 in Throwing
 26785 | Abyss:2  | HP: 2/168 [hellion/damnation (30)]
 26788 | Abyss:2  | Received a gift from Trog
 26789 | Elf:3    | Escaped the Abyss
 26977 | Elf:3    | Noticed a Brimstone Fiend
 27117 | Elf:3    | Killed from afar by a deep elf annihilator

Skill      XL: |  1  2  3  4  5  6  7  8  9 10 11 12 13 14 15 16 17 |
---------------+----------------------------------------------------+-----
Maces & Flails | 4 5 6 8 9 12 14 16 18 19 21 22 23 | 23.5
Fighting       | 4 5 6 7 9 10 11 13 15 16 17 18 19 | 19.3
Armour         | 3 4 5 6 7 8 9 10 11 12 13 | 13.8
Dodging        | 3 4 5 6 7 |  7.6
Throwing       | 1 2 3 4 5 7 8 9 10 | 10.1
Evocations     | 1 2 |  2.3
Axes           | 1 |  1.9

Action                   |  1- 3 |  4- 6 |  7- 9 | 10-12 | 13-15 | 16-18 || total
-------------------------+-------+-------+-------+-------+-------+-------++-------
Melee: Mace              |    97 |   131 |   137 |       |       |       ||   365
       Headbutt          |    18 |    16 |    48 |   122 |   275 |   124 ||   603
       Battleaxe         |       |       |    30 |       |       |       ||    30
       Dire flail        |       |       |    96 |   574 |       |       ||   670
       Great mace        |       |       |       |    79 |   972 |   478 ||  1529
Throw: Javelin           |       |    10 |    18 |    14 |     3 |       ||    45
       Tomahawk          |       |       |    18 |    21 |   153 |   154 ||   346
Invok: Berserk           |       |     1 |     2 |     3 |     4 |       ||    10
       Trog's Hand       |       |       |     2 |     3 |     3 |     5 ||    13
       Burn Spellbooks   |       |       |       |     3 |       |       ||     3
       Brothers in Arms  |       |       |       |     2 |     3 |     6 ||    11
Evoke: Wand              |       |     7 |     6 |       |     9 |     7 ||    29
  Use: Scroll            |     3 |     6 |    12 |    14 |    11 |    14 ||    60
       Potion            |       |       |       |     2 |       |     2 ||     4
  Eat: Chunk             |     1 |     3 |     4 |     6 |    10 |       ||    24
       Bread ration      |       |     2 |     2 |     1 |     3 |     2 ||    10
       Fruit             |       |       |     2 |       |       |       ||     2
       Meat ration       |       |       |     1 |       |       |       ||     1
       Beef jerky        |       |       |       |     4 |     1 |       ||     5
       Royal jelly       |       |       |       |     2 |       |       ||     2
       Pizza             |       |       |       |     1 |     4 |     5 ||    10
Armor: Leather armour    |     4 |       |       |       |       |       ||     4
       Animal skin       |     1 |       |       |       |       |       ||     1
       Ring mail         |     9 |    19 |       |       |       |       ||    28
       Scale mail        |       |    15 |    81 |       |       |       ||    96
       Plate armour      |       |       |    12 |   171 |   443 |   187 ||   813
Dodge: Dodged            |    59 |    94 |   220 |   341 |   748 |   229 ||  1691
